 Dungeon Crawl Stone Soup version 0.18-a0-1267-gff090c1 (webtiles) character file.

32 Chiseanne the Skirmisher (level 3, 0/30 HPs)
             Began as a Centaur Air Elementalist on Feb 6, 2016.
             Slain by an adder (1 damage)
             ... on level 2 of the Dungeon.
             The game lasted 00:02:37 (1834 turns).

Chiseanne the Skirmisher (Centaur Air Elementalist) Turns: 1834, Time: 00:02:37

Health: 0/30       AC:  4    Str: 10    XL:     3   Next: 8%
Magic:  3/5        EV:  6    Int: 15    God:
Gold:   37         SH:  6    Dex:  9    Spells: 1 memorised, 4 levels left

rFire  . . .     SeeInvis .     i - +0 short sword
rCold  . . .     Gourm    .     a - +0 robe
rNeg   . . .     Faith    .     k - +0 shield
rPois  .         Spirit   .     (no helmet)
rElec  .         Dismiss  .     (no cloak)
rCorr  .         Reflect  .     (no gloves)
SustAt .         Harm     .     (no barding)
MR     .....                    (no amulet)
Stlth  +.........               (no ring)
                                (no ring)

@: lethally poisoned (0 -> -7), very slightly contaminated, very quick, not
resistant to hostile enchantments, very unstealthy
A: hooves 3, deformed body, speed 2, tough skin 3
a: no special abilities


You were on level 2 of the Dungeon.
You were hungry.

You visited 1 branch of the dungeon, and saw 2 of its levels.

You collected 37 gold pieces.

Inventory:

Hand Weapons
 i - a +0 short sword (weapon)
Missiles
 h - 11 sling bullets
Armour
 a - a +0 robe (worn)
 k - a +0 shield (worn)
Scrolls
 j - a scroll of fear {unknown}
Potions
 d - a potion of curing
 e - a potion of might {unknown}
 g - a potion of brilliance {unknown}
 m - a potion of lignification {unknown}
Books
 b - a book of Air

   Spells                             Type                      Level
   a - Shock                          Conjuration/Air              1
   b - Swiftness                      Charms/Air                   2
   c - Repel Missiles                 Charms/Air                   2
   d - Static Discharge               Conjuration/Air              3
   e - Lightning Bolt                 Conjuration/Air              5
Comestibles
 c - a bread ration
 f - a beef jerky
 l - 3 chunks of flesh


   Skills:
 + Level 2.7 Fighting
 - Level 1.3 Dodging
 - Level 1.2 Stealth
 * Level 0.1 Shields
 - Level 1.5 Spellcasting
 - Level 0.8 Conjurations
 - Level 2.6 Air Magic


You had 4 spell levels left.
You knew the following spells:

 Your Spells              Type           Power        Failure   Level  Hunger
a - Shock                 Conj/Air       #...         80%         1    ##.....


Dungeon Overview and Level Annotations

Branches:
Dungeon (2/15)

Altars:
Ashenzari


Innate Abilities, Weirdness & Mutations

You have hooves in place of feet.
Armour fits poorly on your strangely shaped body.
You cover ground very quickly.
You have extremely tough skin (AC +3).


Message History

The adder is heavily wounded.
You feel sick. The adder bites you.
* * * LOW HITPOINT WARNING * * *
Your shield prevents you from hitting the adder.
The adder is heavily wounded.
The adder bites you.
* * * LOW HITPOINT WARNING * * *
You are lethally poisoned!
The adder poisons you! The adder bites you.
* * * LOW HITPOINT WARNING * * *
You barely miss the adder.
The adder is heavily wounded.
* * * LOW HITPOINT WARNING * * *
You feel sick. You block the adder's attack.
You barely miss the adder.
The adder is heavily wounded.
The adder bites you.
* * * LOW HITPOINT WARNING * * *
The adder bites you.
You die...

#.# # #.# .#
##.###.####
##.........#
..........#
#.........#
.#########รท.........
........#..........
#.........@S......
#.................
#.........#.#.###.
#.........#.# #
#.........#.#
######.##.#.#
#.##.#.# #.##.#.#
#.##.#.#


You could see an adder.

Vanquished Creatures
  An adder (D:2)
  A giant gecko (D:1)
  A giant cockroach (D:1)
  A goblin (D:1)
  3 hobgoblins
  A quokka (D:2)
  4 bats
  A giant newt (D:1)
  6 kobolds
  4 rats (D:1)
23 creatures vanquished.

Notes
Turn   | Place    | Note
--------------------------------------------------------------
     0 | D:1      | Chiseanne the Centaur Air Elementalist began the quest for the Orb.
     0 | D:1      | Reached XP level 1. HP: 14/14 MP: 3/3
   379 | D:1      | Reached skill level 1 in Fighting
   680 | D:1      | Reached XP level 2. HP: 11/24 MP: 4/4
  1455 | D:2      | Found a shattered altar of Ashenzari.
  1533 | D:2      | Reached XP level 3. HP: 15/30 MP: 1/5
  1834 | D:2      | HP: 1/30 [adder (2)]
  1834 | D:2      | Slain by an adder

Vault maps used:
D:1:      denvon_arrival_planthouse, serial_curves, eino_curves_03,
          eino_curves_02
D:2:      cheibriados_altar_1, old_standard_altar, xom_butterflies

Action                   || total
-------------------------++-------
Melee: Club              ||    25
       Unarmed           ||     6
       Short sword       ||    53
 Cast: Shock             ||    12
  Use: Scroll            ||     3
  Eat: Chunk             ||     2
